 Dungeon Crawl Stone Soup version 0.22-a0-443-g17c3723 (webtiles) character file.

17 Espgualade the Chiller (level 2, 0/17 HPs)
             Began as a Tengu Ice Elementalist on May 30, 2018.
             Slain by a kobold (3 damage)
             ... on level 1 of the Dungeon.
             The game lasted 00:01:42 (476 turns).

Espgualade the Chiller (Tengu Ice Elementalist)      Turns: 476, Time: 00:01:43

Health: 0/17       AC:  4    Str:  8    XL:     2   Next: 62%
Magic:  1/6        EV: 12    Int: 15    God:
Gold:   11         SH:  0    Dex: 14    Spells: 4/5 levels left

rFire    . . .     SeeInvis .   b - +0 dagger
rCold    . . .     Gourm    .   (no shield)
rNeg     . . .     Faith    .   a - +0 robe
rPois    .         Spirit   .   (helmet restricted)
rElec    .         Reflect  .   f - +1 cloak
rCorr    .         Harm     .   (no gloves)
MR       .....                  (boots unavailable)
Stlth    ++........             (no amulet)
HPRegen  0.05/turn              (no ring)
MPRegen  0.10/turn              (no ring)

@: no status effects
A: beak, talons 3
a: no special abilities


You were on level 1 of the Dungeon.
You were not hungry.

You visited 1 branch of the dungeon, and saw 1 of its levels.

You collected 11 gold pieces.

Inventory:

Hand Weapons
 b - a +0 dagger (weapon)
Armour
 a - a +0 robe (worn)
 f - a +1 cloak (worn)
Scrolls
 d - a scroll of remove curse {unknown}
 e - a scroll of immolation {unknown}
Comestibles
 c - 3 rations


   Skills:
 + Level 2.2 Fighting
 - Level 2.1 Dodging
 - Level 2.0 Stealth
 - Level 2.0 Spellcasting
   Level 1.3 Conjurations
 - Level 2.6 Ice Magic


You had 4 spell levels left.
You knew the following spells:

 Your Spells              Type           Power        Failure   Level  Hunger
a - Freeze                Ice            #...         8%          1    #......

Your spell library contained the following spells:

 Spells                   Type           Power        Failure   Level  Hunger
 Throw Frost              Conj/Ice       #.....       14%         2    ###....
 Summon Ice Beast         Ice/Summ       #.......     77%         4    #####..
 Ozocubu's Armour         Chrm/Ice       #.......     36%         3    ###....
 Throw Icicle             Conj/Ice       #.......     67%         4    #####..


Dungeon Overview and Level Annotations

Branches:
Dungeon (1/15)

Altars:


Innate Abilities, Weirdness & Mutations

You have a beak for a mouth.
You have claws for feet.


Message History

Press: ? - help, Shift-Dir - straight line, f - kobold
Aim: a kobold, wielding a dagger (moderately wounded)
You freeze the kobold.
You kill the kobold!
The kobold throws a stone.
The stone barely misses you.
The kobold throws a stone.
The stone hits you but does no damage.
Things that are here:
a stone; a dagger The kobold barely misses you.
You hit the kobold but do no damage. The kobold misses you.
You barely miss the kobold. Your kick misses the kobold.
Your peck misses the kobold. The kobold hits you but does no damage.
You closely miss the kobold. You claw the kobold, but do no damage.
The kobold hits you.
You hit the kobold. Your kick misses the kobold.
The kobold is severely wounded.
The kobold hits you.
* * * LOW HITPOINT WARNING * * *
The kobold hits you.
You die...

#.# #..#......... #.#
##.#####..... #.# #..#
#.#### #.# ##.# #..... #.#
#.# #.#### #># #.####.#
########'##########......#
#.....(..).(.K....)......#
##.......(.##@....###.....##
#..........##.....# #......#
#..........##.....# #......#
#......######.....# #......#
#......# ####### #K.....#
#......# #########..#+##
######## ##............#
#...).........#
#$.........#..#


You could see a kobold.

Vanquished Creatures
  A dart slug (D:1)
  A bat (D:1)
  A giant cockroach (D:1)
  A goblin (D:1)
  4 hobgoblins (D:1)
  4 kobolds (D:1)
  2 rats (D:1)
14 creatures vanquished.

Notes
Turn   | Place    | Note
-------+----------+-------------------------------------------
     0 | D:1      | Espgualade the Tengu Ice Elementalist began the quest for the Orb.
     0 | D:1      | Reached XP level 1. HP: 10/10 MP: 4/4
   103 | D:1      | Reached skill level 1 in Fighting
   127 | D:1      | Reached XP level 2. HP: 13/16 MP: 1/6
   476 | D:1      | Slain by a kobold

Vault maps used:
D:1:      moated_graveyard_arrival, kennysheep_doodads, minmay_liquid_box

Skill      XL: |  1  2 |
---------------+-------+-----
Fighting       | 1 2 |  2.2
Dodging        | |  2.1
Stealth        | |  2.0
Spellcasting   | |  2.0
Conjurations   | |  1.3
Ice Magic      | |  2.6

Action                   || total
-------------------------++-------
Melee: Dagger            ||    37
       Kick              ||    10
       Peck              ||     1
 Cast: Freeze            ||    12
Armor: Robe              ||     5
Dodge: Dodged            ||    23

Table legend:
 A = Spawn XP
 B = Non-spawn XP
 C = Spawn XP percentage of total XP
 D = Spawn monster count
 E = Non-spawn monster count
 F = Spawn count percentage of total count
 G = Total turns spent on level
                    A         B        C        D         E        F      G
               +---------+---------+-------+---------+---------+-------+---------
         Total |       0 |      25 |   0.0 |       0 |      14 |   0.0 |   476
               +---------+---------+-------+---------+---------+-------+---------
           D:1 |       0 |      25 |   0.0 |       0 |      14 |   0.0 |   476
               +---------+---------+-------+---------+---------+-------+---------
